 Dungeon Crawl Stone Soup version 0.19-a0-958-gd69d43c (webtiles) character file.

818 Implojin the Grappler (level 7, -2/66 HPs)
             Began as a Troll Fighter on July 11, 2016.
             Was an Initiate of Okawaru.
             Slain by an elephant (19 damage)
             ... on level 8 of the Dungeon.
             The game lasted 00:05:15 (1026 turns).

Implojin the Grappler (Troll Fighter)               Turns: 1026, Time: 00:05:16

Health: -2/66      AC:  5    Str: 25    XL:     7   Next: 62%
Magic:  6/6        EV:  8    Int:  4    God:    Okawaru [......]
Gold:   14         SH:  9    Dex: 11    Spells: 0 memorised, 6 levels left

rFire  . . .     SeeInvis +       - Unarmed
rCold  . . .     Gourm    +     a - +0 robe
rNeg   . . .     Faith    .     b - +0 shield
rPois  .         Spirit   .     (helmet restricted)
rElec  .         Dismiss  .     (no cloak)
rCorr  .         Reflect  .     (gloves unavailable)
SustAt .         Harm     .     (boots unavailable)
MR     .....                    (no amulet)
Stlth  +.........               (no ring)
                                f - ring of see invisible

@: not resistant to hostile enchantments, very unstealthy
A: unfitting armour, claws 3, fast metabolism 3, gourmand, regeneration 2,
shaggy fur 1, tough skin 2
a: Renounce Religion


You were on level 8 of the Dungeon.
You worshipped Okawaru.
Okawaru was noncommittal.
You were very full.

You visited 2 branches of the dungeon, and saw 9 of its levels.

You collected 14 gold pieces.

Inventory:

Hand Weapons
 p - a +0 flail
 v - a +2 flail of crushing
Armour
 a - a +0 robe (worn)
 b - a +0 shield (worn)
Magical Staves
 m - an uncursed staff of death {unknown}
Jewellery
 f - a ring of see invisible (left claw)
 s - an uncursed ring of flight {unknown}
 u - an uncursed ring of magical power {unknown}
Scrolls
 e - 2 scrolls of magic mapping {unknown}
 k - a scroll of teleportation {unknown}
 l - 2 scrolls of identify {unknown}
 o - a scroll of fog {unknown}
 t - a scroll of immolation {unknown}
 w - a scroll of fear {unknown}
Potions
 c - a potion of degeneration {unknown}
 g - a potion of haste {unknown}
 i - 3 potions of curing {unknown}
 j - a potion of agility {unknown}
Books
 q - a book of the Tempests

   Spells                             Type                      Level
   a - Static Discharge               Conjuration/Air              3
   b - Lightning Bolt                 Conjuration/Air              5
   c - Fireball                       Conjuration/Fire             5
   d - Tornado                        Air                          9
   e - Shatter                        Earth                        9
Comestibles
 d - 4 bread rations
 h - a beef jerky
 n - a chunk of flesh
 r - 2 meat rations


   Skills:
 - Level 2.4 Fighting
 - Level 2.4 Dodging
 - Level 2.4 Shields
 * Level 8.9 Unarmed Combat


You had 6 spell levels left.
You didn't know any spells.

Dungeon Overview and Level Annotations

Branches:
Dungeon (8/15)             Temple (1/1) D:6            Lair (0/6) D:8

Altars:
Ashenzari
Elyvilon
Gozag
Makhleb
Okawaru
Qazlal
Uskayaw
Vehumet
Zin
The Shining One


Innate Abilities, Weirdness & Mutations

You are too large for most types of armour.
You have claws for hands.
Your metabolism is lightning-fast.
You like to eat raw meat.
You heal very quickly.
You are covered in fur. (AC +1)
You have very tough skin. (AC +2)


Message History

An elephant comes into view.
The elephant trumpets!
Found a staircase to the Lair. 2 sheep and a yak come into view.
The sheep bleats!
The yak bellows!
The yak gores the plant but does no damage.
The elephant barely misses you. The elephant trunk-slaps you.
Okay, then.
You scratch the elephant but do no damage.
You claw the elephant!
The elephant is lightly wounded.
The elephant tramples you!!
You stumble backwards!
You claw the elephant!
The elephant is moderately wounded.
The elephant tramples you but does no damage.
You block the elephant's attack.
You claw the elephant!
The elephant is heavily wounded.
The elephant tramples you.
You stumble backwards!
You claw the elephant!
The elephant is severely wounded.
The elephant tramples you!
* * * LOW HITPOINT WARNING * * *
You stumble backwards!
Unknown command.
You claw the elephant!
The elephant is almost dead.
The elephant tramples you!
* * * LOW HITPOINT WARNING * * *
You stumble backwards!
Unknown command.
The elephant tramples you.
* * * LOW HITPOINT WARNING * * *
You hold your ground!
The elephant closely misses you.
Unknown command.
You scratch the elephant but do no damage.
The elephant is severely wounded.
The elephant tramples you!!
You die...

...#
#.##########.....#
#.## #.#.......###...#
#<.###.#..##.....Y..##
#....#.#..##.#.#.#.##
####.........#.#Y#.#
#............>.#.#.#
#..##....#######.#.#
#.. ##)#.#######Y#.#
... #.#....@YY..#.#
.... #(###########..
#.## ##(## ### #.
##...## ##.....##
#..)....# #.........#
+.........+
#.........#


You could see an elephant and 2 sheep.

Vanquished Creatures
  Menkaure (D:5)
  An ice beast (D:6)
  An ogre (D:6)
  A centaur (D:8)
  A giant frog (D:6)
  A centaur zombie (D:5)
  An orc priest (D:4)
  A hound (D:7)
  2 orc wizards
  A centaur skeleton (D:4)
  A giant frog skeleton (D:5)
  3 worker ants
  2 iguanas
  2 adders
  An ooze (D:4)
  An adder skeleton (D:7)
  A worm (D:2)
  A dart slug (D:4)
  A giant gecko (D:7)
  7 orcs
  A bat (D:3)
  A giant cockroach (D:4)
  2 hobgoblins (D:3)
  A jackal (D:1)
  2 giant newts (D:3)
  A kobold (D:3)
  A rat (D:3)
40 creatures vanquished.

Notes
Turn   | Place    | Note
-------+----------+-------------------------------------------
     0 | D:1      | Implojin the Troll Fighter began the quest for the Orb.
     0 | D:1      | Reached XP level 1. HP: 22/22 MP: 0/0
   118 | D:3      | Reached XP level 2. HP: 26/29 MP: 1/1
   122 | D:3      | Reached skill level 3 in Unarmed Combat
   208 | D:4      | Reached XP level 3. HP: 31/36 MP: 2/2
   233 | D:5      | Entered Level 5 of the Dungeon
   269 | D:4      | Reached skill level 4 in Unarmed Combat
   282 | D:4      | Reached XP level 4. HP: 30/44 MP: 3/3
   314 | D:4      | Reached skill level 5 in Unarmed Combat
   320 | D:4      | Reached XP level 5. HP: 32/50 MP: 4/4
   447 | D:5      | Reached skill level 6 in Unarmed Combat
   485 | D:6      | Noticed an ice beast
   489 | D:6      | Reached XP level 6. HP: 38/59 MP: 5/5
   496 | D:6      | Killed an ice beast
   496 | D:6      | Reached skill level 7 in Unarmed Combat
   537 | D:5      | Found a burning altar of Makhleb.
   583 | D:5      | Noticed Menkaure
   593 | D:5      | Killed Menkaure
   593 | D:5      | Reached XP level 7. HP: 66/66 MP: 6/6
   686 | D:5      | Reached skill level 8 in Unarmed Combat
   784 | D:6      | Found a staircase to the Ecumenical Temple.
   801 | Temple   | Entered the Ecumenical Temple
   851 | Temple   | Became a worshipper of Warmaster Okawaru
   967 | D:8      | Noticed a hippogriff
  1007 | D:8      | Found a staircase to the Lair.
  1007 | D:8      | Noticed an elephant
  1008 | D:8      | Noticed a yak
  1026 | D:8      | Slain by an elephant

Vault maps used:
D:1:      sevenhm_arrival_forest_fort_small_5
D:2:      nicolae_overflow_hidden_temple, first_bread, hex_tiny,
          minmay_misc_feat_more_columns, uniq_terence
D:3:      kennysheep_six_static_rooms, minmay_stone_trees_small
D:4:      lemuel_round_altar
D:5:      basic_altar, uniq_menkaure
D:6:      lemuel_upstairs_altar, uniq_crazy_yiuf_cottage
D:8:      nicolae_overflow_crystal_walls, david_lair_generic, grunt_pizzeria,
          uniq_maurice
Temple:   regret_index_temple_generic_petals

Skill      XL: |  1  2  3  4  5  6  7 |
---------------+----------------------+-----
Unarmed Combat | 3 4 5 6 7 8 |  8.9
Fighting       | |  2.4
Dodging        | |  2.4
Shields        | |  2.4

Action                   |  1- 3 |  4- 6 |  7- 9 || total
-------------------------+-------+-------+-------++-------
Melee: Unarmed           |    59 |    51 |    41 ||   151
  Use: Potion            |       |     1 |       ||     1
 Stab: Sleeping          |     1 |       |       ||     1
  Eat: Chunk             |     7 |     3 |     4 ||    14
Armor: Robe              |    22 |     5 |     6 ||    33
Dodge: Dodged            |    17 |    12 |    10 ||    39
Block: Shield            |    24 |    17 |    14 ||    55

Table legend:
 A = Turns spent in this place as a percentage of turns spent in the entire game.
 B = Non-inter-level travel turns spent in this place as a percentage of non-inter-level travel turns spent in the entire game.
 C = Inter-level travel turns spent in this place as a percentage of turns spent in this place.
 D = Turns resting spent in this place as a percentage of non-inter-level travel turns spent in this place.
 E = Turns spent auto-exploring this place as a percentage of non-inter-level travel turns spent in this place.
 F = Non-inter-level travel turns spent in this place divided by the number of levels of this place that you've seen.
                   A       B       C       D       E      F
               +-------+-------+-------+-------+-------+----------------------
         Total | 100.0 | 100.0 |   0.0 |   0.0 |   0.0 | 109.4
       Dungeon |  91.2 |  91.2 |   0.0 |   0.0 |   0.0 | 112.2
        Temple |   8.8 |   8.8 |   0.0 |   0.0 |   0.0 |  87.0
               +-------+-------+-------+-------+-------+----------------------

Table legend:
 A = Kills in this place as a percentage of kills in entire the game.
 B = Kills by you in this place as a percentage of kills by you in the entire game.
 C = Kills by friends in this place as a percentage of kills by friends in the entire game.
 D = Other kills in this place as a percentage of other kills in the entire game.
 E = Experience gained in this place as a percentage of experience gained in the entire game.
 F = Experience gained in this place divided by the number of levels of this place that you have seen.
                   A       B       C       D       E      F
               +-------+-------+-------+-------+-------+----------------------
         Total | 100.0 | 100.0 |  -nan |  -nan | 100.0 | 129.9
       Dungeon | 100.0 | 100.0 |  -nan |  -nan | 100.0 | 146.1
               +-------+-------+-------+-------+-------+----------------------
